 Dungeon Crawl Stone Soup version 0.18-a0-1805-g8ab820f (webtiles) character file.

338 Zhenya25pyc the Cudgeler (level 6, -1/38 HPs)
             Began as a Gargoyle Fighter on Apr 25, 2016.
             Was an Initiate of Okawaru.
             Killed from afar by Blork the orc (6 damage)
             ... with a puff of flame
             ... on level 4 of the Dungeon.
             The game lasted 00:05:05 (3358 turns).

Zhenya25pyc the Cudgeler (Gargoyle Fighter)         Turns: 3358, Time: 00:05:06

Health: -1/38      AC: 15    Str: 24    XL:     6   Next: 55%
Magic:  6/6        EV:  6    Int:  8    God:    Okawaru [......]
Gold:   216        SH: 10    Dex:  9    Spells: 0 memorised, 5 levels left

rFire  . . .     SeeInvis .     a - +0 flail
rCold  . . .     Gourm    .     j - +0 chain mail
rNeg   + . .     Faith    .     c - +0 shield
rPois  ∞         Spirit   .     (no helmet)
rElec  +         Dismiss  .     (no cloak)
rCorr  .         Reflect  .     m - +0 pair of gloves
SustAt .         Harm     .     (no boots)
MR     .....                    (no amulet)
Stlth  ..........               u - ring of flight
                                y - +2 ring of strength

@: not resistant to hostile enchantments, extremely unstealthy
A: negative energy resistance 1, electricity resistance, unbreathing,
petrification resistance, rot immunity, AC +4
a: Renounce Religion, Evoke Flight


You were on level 4 of the Dungeon.
You worshipped Okawaru.
Okawaru was noncommittal.
You were not hungry.

You visited 1 branch of the dungeon, and saw 4 of its levels.

You collected 216 gold pieces.

Inventory:

Hand Weapons
 a - a +0 flail (weapon)
Armour
 c - a +0 shield (worn)
 j - a +0 chain mail (worn)
 m - a +0 pair of gloves (worn)
Jewellery
 u - a ring of flight (right hand)
 y - a +2 ring of strength (left hand)
Wands
 w - a wand of enslavement (8/24)
Scrolls
 e - 2 scrolls of recharging {unknown}
 g - 3 scrolls of teleportation {unknown}
 h - 2 scrolls of identify {unknown}
 k - a scroll of immolation {unknown}
 o - 2 scrolls of blinking {unknown}
 p - a scroll of random uselessness {unknown}
 q - a scroll of fear {unknown}
 t - a scroll of magic mapping {unknown}
 A - a scroll of noise {unknown}
 B - a scroll of enchant armour {unknown}
 F - 2 scrolls of remove curse {unknown}
Potions
 d - a potion of might
 i - a potion of flight {unknown}
 n - 4 potions of curing {unknown}
 s - a potion of mutation {unknown}
 v - a potion of beneficial mutation {unknown}
 x - a potion of cure mutation {unknown}
 C - a potion of cancellation {unknown}
Books
 D - a Fen Folio

   Spells                             Type                      Level
   a - Corpse Rot                     Necromancy                   2
   b - Stone Arrow                    Conjuration/Earth            3
   c - Leda's Liquefaction            Hexes/Earth                  4
   d - Summon Forest                  Summoning/Translocation      5
   e - Hydra Form                     Transmutation                6
   f - Summon Hydra                   Summoning                    7
Comestibles
 b - a slice of pizza
 f - 3 bread rations
 l - a beef jerky
 r - 5 fruits
 E - a meat ration


   Skills:
 + Level 4.2 Fighting
 * Level 4.7 Maces & Flails
 + Level 4.5 Armour
 + Level 4.5 Shields


You had 5 spell levels left.
You didn't know any spells.

Dungeon Overview and Level Annotations

Branches:
Dungeon (4/15)
 Temple: D:4-7

Altars:
Fedhas
Okawaru
Qazlal
Zin

Annotations:
D:4 Blork the orc


Innate Abilities, Weirdness & Mutations

You are resistant to torment.
Your stone body is resilient (AC +4).
You are immune to poison.
You resist negative energy.
You are resistant to electric shocks.
You can survive without breathing.
You are immune to petrification.
You are immune to rotting.


Message History

You are too injured to fight recklessly!
You are too injured to fight recklessly!
You are too injured to fight recklessly!
You barely miss Blork the orc.
Blork the orc is heavily wounded.
Blork the orc hits you with a short sword.
* * * LOW HITPOINT WARNING * * *
Blork the orc points at you and mumbles some strange words.
The magic dart hits you!
You closely miss Blork the orc.
Blork the orc is heavily wounded.
Blork the orc hits you with a short sword.
* * * LOW HITPOINT WARNING * * *
You block Blork the orc's attack.
You hit Blork the orc.
Blork the orc is severely wounded.
You block Blork the orc's attack. Blork the orc casts a spell at you.
The puff of flame hits you!
You die...

..##♣≈.# #.##.#.#
#.##.#(#
#.##.#.###########
#.##.#...........#
##.#....########..#
........# #..#
#.......# #o.#
#.#.....# #@.#
#.##...## #..#
#.###.## #..#
......# #..#
#.##### #######..#
#.# #........# #.##
#.######.# ...# #.#
#.# #..# #.# #.#


You could see Blork the orc.

Vanquished Creatures
  Purgy (D:4)
  A scorpion (D:4)
  A worker ant (D:4)
  6 adders
  An ooze (D:3)
  A worm (D:3)
  2 dart slugs
  7 giant geckos
  9 orcs
  6 giant cockroaches
  13 goblins
  9 hobgoblins
  6 jackals
  2 ball pythons
  4 bats
  4 giant newts
  8 kobolds
  6 rats
87 creatures vanquished.

Vanquished Creatures (others)
  A fungus (D:3)
1 creature vanquished.

Grand Total: 88 creatures vanquished

Notes
Turn   | Place    | Note
--------------------------------------------------------------
     0 | D:1      | Zhenya25pyc the Gargoyle Fighter began the quest for the Orb.
     0 | D:1      | Reached XP level 1. HP: 14/14 MP: 1/1
   153 | D:1      | Reached XP level 2. HP: 16/19 MP: 2/2
   924 | D:2      | Reached XP level 3. HP: 23/23 MP: 3/3
  1296 | D:2      | Reached XP level 4. HP: 24/28 MP: 4/4
  2070 | D:3      | Found an iron altar of Okawaru.
  2107 | D:3      | Reached XP level 5. HP: 16/33 MP: 5/5
  2111 | D:3      | Became a worshipper of Warmaster Okawaru
  2336 | D:3      | Found a glowing silver altar of Zin.
  2364 | D:3      | Found a stormy altar of Qazlal.
  2443 | D:3      | Found a blossoming altar of Fedhas.
  2734 | D:4      | Reached XP level 6. HP: 36/38 MP: 6/6
  2893 | D:4      | Noticed Purgy
  2931 | D:4      | HP: 1/38 [Purgy (3)]
  2934 | D:4      | Killed Purgy
  3343 | D:4      | Noticed Blork the orc
  3358 | D:4      | Killed from afar by Blork the orc

Vault maps used:
D:1:      evilmike_arrival_crescent, minmay_close_crescents
D:2:      kennysheep_the_goblin_king, kennysheep_decorative_pillar
D:3:      grunt_temple_overflow_forces_of_nature, zin_academy, okawaru_trees_1,
          portal_sewer_entry_f
D:4:      first_bread, serial_bayou_pond_e, kennysheep_windowed_goal,
          uniq_blork_the_orc, uniq_purgy

Skill      XL: |  1  2  3  4  5 |
---------------+----------------+-----
Maces & Flails | 3 4 |  4.7
Shields        | 4 |  4.5
Armour         | 4 |  4.5
Fighting       | 4 |  4.2

Action                   |  1- 3 |  4- 6 || total
-------------------------+-------+-------++-------
Melee: Flail             |   136 |   284 ||   420
  Eat: Chunk             |     1 |     6 ||     7
       Beef jerky        |       |     1 ||     1
Armor: Scale mail        |     8 |       ||     8
       Chain mail        |   120 |   270 ||   390
Dodge: Dodged            |    46 |    97 ||   143
Block: Shield            |    94 |   216 ||   310
